 Dungeon Crawl Stone Soup version 0.18-a0-952-g309898a (webtiles) character file.

842 filipzpl the Fighter (level 7, -3/69 HPs)
             Began as a Minotaur Fighter on Dec 30, 2015.
             Slain by a worker ant (5 damage)
             ... on level 5 of the Dungeon.
             The game lasted 00:05:27 (3104 turns).

filipzpl the Fighter (Minotaur Fighter)             Turns: 3104, Time: 00:05:28

Health: -3/69      AC:  6    Str: 22    XL:     7   Next: 67%
Magic:  6/6        EV:  7    Int:  5    God:
Gold:   219        SH:  9    Dex: 10    Spells: 0 memorised, 6 levels left

rFire  . . .     SeeInvis .     a - +0 war axe
rCold  . . .     Gourm    .     b - +0 scale mail
rNeg   . . .     Faith    .     c - +0 shield
rPois  .         Spirit   .     (helmet restricted)
rElec  .         Dismiss  .     (no cloak)
rCorr  .         Reflect  .     (no gloves)
SustAt .         Harm     .     (no boots)
MR     .....                    (no amulet)
Stlth  ..........               (no ring)
                                (no ring)

@: lethally poisoned (-3 -> -4), not resistant to hostile enchantments,
extremely unstealthy
A: retaliatory headbutt, horns 2
a: no special abilities


You were on level 5 of the Dungeon.
You were hungry.

You visited 1 branch of the dungeon, and saw 5 of its levels.

You collected 219 gold pieces.

Inventory:

Hand Weapons
 a - a +0 war axe (weapon)
Armour
 b - a +0 scale mail (worn)
 c - a +0 shield (worn)
Jewellery
 o - an uncursed ring of wizardry {unknown}
Wands
 x - a wand of confusion (27/48)
Scrolls
 e - 4 scrolls of identify {unknown}
 h - 3 scrolls of magic mapping {unknown}
 i - 4 scrolls of remove curse {unknown}
 l - 4 scrolls of teleportation {unknown}
 n - a scroll of blinking {unknown}
 s - a scroll of noise {unknown}
 u - a scroll of amnesia {unknown}
 w - 3 scrolls of enchant weapon {unknown}
Potions
 d - a potion of might
 g - 2 potions of invisibility {unknown}
 p - a potion of cure mutation {unknown}
 q - a potion of curing {unknown}
 r - a potion of ambrosia {unknown}
 t - a potion of flight {unknown}
 v - 2 potions of brilliance {unknown}
 z - a potion of berserk rage {unknown}
Comestibles
 f - 4 bread rations
 j - 4 meat rations
 k - a royal jelly
 m - 3 fruits


   Skills:
 * Level 8.3 Fighting
 * Level 7.6 Axes
 - Level 3.6 Armour
 - Level 3.6 Shields


You had 6 spell levels left.
You didn't know any spells.

Dungeon Overview and Level Annotations

Branches:
Dungeon (5/15)             Temple (0/1) D:4

Altars:
Dithmenos
Elyvilon
Nemelex Xobeh
Qazlal
Sif Muna
Xom
The Shining One


Innate Abilities, Weirdness & Mutations

You reflexively headbutt those who attack you in melee.
You have a pair of horns on your head.


Message History

* * * LOW HITPOINT WARNING * * *
The worker ant bites you.
* * * LOW HITPOINT WARNING * * *
You are poisoned.
The worker ant poisons you!
You feel sick. The worker ant barely misses you.
You slash the orc wizard!
You kill the orc wizard!
You barely miss the worker ant.
The orc priest hits you from afar with a trident.
* * * LOW HITPOINT WARNING * * *
You block the worker ant's attack.
* * * LOW HITPOINT WARNING * * *
You feel sick. The orc barely misses you. You block the worker ant's attack.
The orc priest hits you but does no damage.
Things that are here:
a dagger of electrocution; a robe You are feeling hungry.
The worker ant bites you.
You die...

####...........##.#
..##.......(.......<
#.............###.##
.............## .#
#...###....#### .#
### ..#.#
#.......###.#...
#.......#.........#.#
......######.####...#
# ....# #...)@..###
#...# ####ao....#
.... #.o....# #..
#..%......#
...........#
.............#
...............#
...............#
#####..!.......


You could see a worker ant, an orc priest and an orc.

Vanquished Creatures
  The ghost of Alethiolet the Poker, an amateur DsWn (D:5)
  Grinder (D:5)
  The ghost of filipzpl the Magician, an amateur DEWz (D:3)
  A hound (D:4)
  Crazy Yiuf (D:3)
  2 worker ants
  A killer bee zombie (D:5)
  2 orc wizards (D:5)
  4 gnolls (D:4)
  5 adders
  An ooze (D:2)
  5 orcs
  3 ball pythons
  4 giant cockroaches
  5 goblins
  9 hobgoblins
  A quokka (D:2)
  6 bats
  4 giant geckos
  6 giant newts
  3 jackals (D:3)
  11 kobolds
  12 rats
89 creatures vanquished.

Notes
Turn   | Place    | Note
--------------------------------------------------------------
     0 | D:1      | filipzpl the Minotaur Fighter began the quest for the Orb.
     0 | D:1      | Reached XP level 1. HP: 19/19 MP: 0/0
   117 | D:1      | Reached skill level 4 in Fighting
   117 | D:1      | Reached XP level 2. HP: 22/27 MP: 1/1
   375 | D:1      | Reached XP level 3. HP: 34/34 MP: 2/2
   443 | D:2      | Found a white marble altar of Elyvilon.
   554 | D:2      | Found a shadowy altar of Dithmenos.
   582 | D:2      | Reached skill level 5 in Fighting
   586 | D:2      | Reached XP level 4. HP: 38/42 MP: 3/3
  1105 | D:3      | Noticed filipzpl's ghost (amateur DEWz)
  1118 | D:3      | Killed filipzpl's ghost
  1118 | D:3      | Reached skill level 5 in Axes
  1118 | D:3      | Reached XP level 5. HP: 11/50 MP: 4/4
  1470 | D:3      | Reached skill level 6 in Fighting
  1638 | D:3      | Found a shimmering altar of Xom.
  1638 | D:3      | Found a glowing golden altar of the Shining One.
  1640 | D:3      | Found a deep blue altar of Sif Muna.
  1643 | D:3      | Found a stormy altar of Qazlal.
  1644 | D:3      | Found a sparkling altar of Nemelex Xobeh.
  1769 | D:3      | Noticed Crazy Yiuf
  1773 | D:3      | Killed Crazy Yiuf
  1773 | D:3      | Reached XP level 6. HP: 50/58 MP: 5/5
  2461 | D:4      | Found a staircase to the Ecumenical Temple.
  2852 | D:5      | Entered Level 5 of the Dungeon
  2864 | D:5      | Noticed Grinder
  2864 | D:5      | Noticed Alethiolet's ghost (amateur DsWn)
  2881 | D:5      | Reached skill level 7 in Fighting
  2894 | D:5      | Killed Alethiolet's ghost
  2894 | D:5      | Reached XP level 7. HP: 45/67 MP: 6/6
  2908 | D:5      | Killed Grinder
  2908 | D:5      | Reached skill level 8 in Fighting
  3101 | D:5      | HP: 3/68 [poisoned by a worker ant]
  3104 | D:5      | Slain by a worker ant

Vault maps used:
D:1:      dpeg_chamrin_arrival_tetris
D:2:      nicolae_overflow_crystal_walls, nicolae_overflow_hidden_temple,
          first_bread
D:3:      minitemple, uniq_crazy_yiuf_cottage
D:4:      temple_green, kennysheep_pointless_box
D:5:      lemuel_crystal_altar, grunt_pakellas_basics, bloody_makhleb,
          grunt_dithmenos_shadows, uniq_grinder

Action                   |  1- 3 |  4- 6 |  7- 9 || total
-------------------------+-------+-------+-------++-------
Melee: War axe           |    79 |   176 |    11 ||   266
  Eat: Chunk             |       |     2 |       ||     2
       Meat ration       |       |     1 |       ||     1
